 Dungeon Crawl Stone Soup version 0.30.0-5-g1a98f26d00 (webtiles) character file.

Game seed: 5330266035269949839

121 Descartes the Chiller (level 4, -1/25 HPs)
             Began as a Deep Elf Wanderer on May 9, 2023.
             Slain by an orc
             ... wielding a +1 short sword of speed
              (5 damage)
             ... on level 3 of the Dungeon.
             The game lasted 00:06:20 (2619 turns).

Descartes the Chiller (Deep Elf Wanderer)           Turns: 2619, Time: 00:06:21

Health: -1/25      AC:  5    Str:  8    XL:     4   Next: 76%
Magic:  6/8        EV: 10    Int: 23    God:
Gold:   115        SH:  0    Dex: 11    Spells: 5/6 levels left

rFire   . . .        o - +1 dagger (venom)
rCold   . . .        (no shield)
rNeg    . . .        v - +1 leather armour {rPois}
rPois   +            (no helmet)
rElec   .            d - +0 cloak
rCorr   .            (no gloves)
SInv    .            (no boots)
Will    .....        (no amulet)
Stlth   ++           (no ring)
HPRegen 0.24/turn    (no ring)
MPRegen 0.11/turn

%: no passive effects
@: no status effects
A: no striking features
a: no special abilities


You were on level 3 of the Dungeon.
You visited 1 branch of the dungeon, and saw 3 of its levels.

You collected 115 gold pieces.

Inventory:

Hand Weapons
 a - a +0 dagger
 o - a +1 dagger of venom (weapon)
 r - a +2 short sword of speed
 x - a +2 hammer of holy wrath
 A - a +4 short sword of venom
Missiles
 l - 5 boomerangs
 m - 2 poisoned darts
 s - 4 atropa-tipped darts
Armour
 c - a +0 robe
 d - a +0 cloak (worn)
 v - a +1 leather armour of poison resistance (worn)
Jewellery
 k - a ring of resist corrosion
 u - a ring of see invisible
Scrolls
 f - 2 scrolls of blinking {unknown}
 g - 4 scrolls of identify {unknown}
 i - a scroll of fear {unknown}
 j - a scroll of enchant weapon {unknown}
 n - a scroll of immolation {unknown}
 w - a scroll of vulnerability {unknown}
 y - a scroll of fog {unknown}
 z - a scroll of teleportation {unknown}
Potions
 b - 3 potions of attraction
 e - 3 potions of flight {unknown}
 h - a potion of curing {unknown}
 p - 2 potions of degeneration {unknown}
 q - a potion of berserk rage {unknown}
 t - a potion of cancellation {unknown}


   Skills:
 - Level 1.5 Fighting
 - Level 1.0 Armour
 - Level 2.4 Stealth
 - Level 1.5 Spellcasting
 + Level 5.5 Ice Magic
 - Level 1.1 Poison Magic
 - Level 1.1 Evocations


You had 5 spell levels left.
You knew the following spells:

 Your Spells              Type           Power      Damage    Failure   Level
a - Freeze                Ice            100%       1d10      1%          1

Your spell library contained the following spells:

 Spells                   Type           Power      Damage    Failure   Level
 Hailstorm                Conj/Ice       14%        3d5       19%         3
 Poisonous Vapours        Pois/Air       8%         N/A       22%         2
 Cigotuvi's Dreadful Rot  Necr/Pois/Air  6%         N/A       26%         2
 Passwall                 Tmut/Erth      0%         N/A       28%         2
 Ice Form                 Ice/Tmut       14%        N/A       52%         4
 Dispel Undead            Necr           1%         3d6       88%         4
 Statue Form              Tmut/Erth      0%         N/A       100%        6


Dungeon Overview and Level Annotations

Branches:
Dungeon (3/15)

Altars:
Fedhas

Annotations:
D:3 1 runed translucent door, Crazy Yiuf


Message History

Unknown command.
Annotate which branch? (. - D:3, ? - help, ! - show branch list)
Okay, then.
Casting: Freeze (safe; 1% risk of failure)
Confirm with . or Enter, or press ? or * to list all spells.
Aiming: Freeze (safe; 1% risk of failure)
Press: ? - help, Shift-Dir - straight line, f - orc
Aim: an orc, wielding a +0 club You freeze the orc!
You kill the orc!
Things that are here:
a +0 club; an orc corpse You see here a frilled lizard corpse.
You see here 2 stones.
An orc priest is nearby!
An orc comes into view.
It is wielding a +1 short sword of speed.
The orc priest shouts!
The orc priest mumbles some strange prayers to Beogh against you.
Pain shoots through your body!
The orc moves out of view.
Casting: Freeze (safe; 1% risk of failure)
Confirm with . or Enter, or press ? or * to list all spells.
Aiming: Freeze (safe; 1% risk of failure)
Press: ? - help, Shift-Dir - straight line, f - orc priest
Aim: an orc priest, wielding a +0 club and wearing a +0 scale mail You freeze the orc priest!
The orc priest is severely wounded.
A goblin comes into view. It is wielding a +0 club.
The orc priest invokes the aid of Beogh against you.
Beogh smites you!
* * * LOW HITPOINT WARNING * * *
The orc closely misses you.
Casting: Freeze (safe; 1% risk of failure)
Confirm with . or Enter, or press ? or * to list all spells.
Aiming: Freeze (safe; 1% risk of failure)
Press: ? - help, Shift-Dir - straight line, f/p - orc priest
Aim: an orc priest, wielding a +0 club and wearing a +0 scale mail (heavily wounded)
You freeze the orc priest.
The orc priest is severely wounded.
The orc hits you with a +1 short sword of speed.
You die...

### ####.#..##...#.###..[
... ...g#..###..#.#.....
#.###.#.#.........#.#...
#..............#..#.#.#.
....................#.
#....#..###.#..#+###.
#.[#.#...##.#......#.
###..ooo......#........
#....#@#..##.###.....#.
#......................
######...##.#.####.#######..
.........##...# #.# #..
########'####.####.# #..
#...###...##.## #..
#..........#..######..
#..###'###............ #..#
#.# #..#..######.


You could see an orc priest, 2 orcs and a goblin.

Vanquished Creatures
  5 adders
  2 worms (D:2)
  2 orcs (D:3)
  3 ball pythons
  4 endoplasms
  7 giant cockroaches
  4 goblins (D:1)
  3 hobgoblins
  6 jackals
  10 kobolds
  3 quokkas (D:2)
  5 bats
  5 frilled lizards
  3 rats
62 creatures vanquished.

Notes
Turn   | Place    | Note
-------+----------+-------------------------------------------
     0 | D:1      | Descartes the Deep Elf Wanderer began the quest for the
                  | Orb.
     0 | D:1      | Descartes set off with the following items: a +0 dagger, a
                  | potion of attraction, a +0 robe, a +0 cloak; and the
                  | following spell memorised: Freeze; and the following spells
                  | available to memorise: Poisonous Vapours, Cigotuvi's
                  | Dreadful Rot, Hailstorm, Ice Form.
     0 | D:1      | Reached XP level 1. HP: 12/12 MP: 5/5
   118 | D:1      | Reached skill level 3 in Ice Magic
   227 | D:1      | Reached XP level 2. HP: 16/16 MP: 4/6
   493 | D:1      | Got Sif Muna's Incunable of the Decaying Quake
  1030 | D:2      | Reached XP level 3. HP: 15/20 MP: 0/7
  1133 | D:2      | Reached skill level 4 in Ice Magic
  1470 | D:2      | Reached XP level 4. HP: 24/25 MP: 4/8
  1550 | D:2      | Reached skill level 5 in Ice Magic
  2317 | D:3      | Found a runed translucent door.
  2318 | D:3      | Noticed Crazy Yiuf
  2501 | D:3      | Found a blossoming altar of Fedhas.
  2619 | D:3      | Slain by an orc

Illustrated notes

Levels and vault maps discovered:
D:1:      psy_arrival_whirlpool, layout_loops_ring
D:2:      layout_loops_ring, grunt_ministairs_8, kennysheep_generic_room_12
D:3:      layout_basic, lemuel_doored_altar, serial_shops,
          nicolae_shop_window_shopping, uniq_crazy_yiuf_cottage

Skill      XL: |  1  2  3  4 |
---------------+-------------+-----
Ice Magic      | 3 4 5 |  5.5
Fighting       | |  1.5
Armour         | |  1.0
Stealth        | |  2.4
Spellcasting   | |  1.5
Poison Magic   | |  1.1
Evocations     | |  1.1

Action                     |  1- 3 |  4- 6 || total
---------------------------+-------+-------++-------
  Melee: Dagger            |     9 |     5 ||    14
   Cast: Freeze            |    62 |    41 ||   103
   Stab: Sleeping          |     2 |       ||     2
 Armour: Robe              |    11 |     5 ||    16
         Leather armour    |       |     6 ||     6
  Dodge: Dodged            |    35 |    13 ||    48
